Map: Blueshift LE

Players

Rosttov

  • Race: Terran Terran
  • League: Platinum
  • Spawn Location: 7:00

INeeDMoNeY - Winner!

  • Race: Zerg Zerg
  • League: Platinum
  • Spawn Location: 1:00

VOD

Have the link to the VOD?

Description

Fun

Time

  • Played on: Aug. 21, 2018, 7:30 a.m.
  • Length: 27:56
Show
View Real Time Build Order
Export as new Build Order

Rosttov Terran 

Build Orders: MMM Bio 

Get SALT Encoding   

  12  0:01  SCV  
  13  0:13  SCV  
  14  0:17  Supply Depot  
  14  0:25  SCV  
  15  0:38  SCV  
  15  0:40  Barracks  
  16  0:51  SCV  
  16  0:54  Barracks  
  17  1:00  Refinery  
  17  1:03  SCV  
  18  1:10  Refinery  
  18  1:16  SCV  
  19  1:26  Marine  
  19  1:29  Orbital Command  
  20  1:41  Barracks Tech Lab  
  20  1:47  Barracks Tech Lab  
  20  1:51  Supply Depot  
  20  1:54  SCV  
  21  2:02  Marine  
  21  2:05  Factory  
  21  2:07  Marine  
  23  2:13  SCV  
  24  2:20  Marine  
  25  2:32  SCV  
  25  2:35  Marine  
  27  2:38  Marine  
  27  2:44  Supply Depot, SCV  
  28  2:49  Starport  
  28  2:51  Factory Reactor  
  29  2:55  Marine  
  29  2:56  SCV  
  29  2:57  Stimpack  
  31  3:09  Combat Shield  
  31  3:10  Marine  
  32  3:13  Marine  
  32  3:18  SCV  
  34  3:22  Supply Depot  
  34  3:28  Marine  
  34  3:31  Marine  
  36  3:38  Medivac  
  38  3:44  Medivac  
  38  3:47  Marine  
  41  3:49  Marine  
  41  3:51  Supply Depot  
  41  3:52  Factory Tech Lab  
  42  3:58  SCV  
  43  4:04  Marine  
  43  4:07  Marine  
  45  4:22  Marine  
  46  4:36  Medivac  
  48  4:38  Medivac  
  48  4:39  Command Center  
  48  4:40  Marine  
  48  4:42  Marine  
  52  4:54  Siege Tank  
  55  5:22  Marine x2  
  48  5:29  Siege Tank  
  51  5:39  Marine x2  
  52  5:57  Marine x2  
  52  5:58  Orbital Command  
  52  6:01  Siege Tank  
  57  6:09  Refinery  
  57  6:15  Marine x2  
  59  6:31  SCV  
  60  6:33  Marine  
  60  6:37  Refinery  
  60  6:38  Marine  
  62  6:43  SCV  
  62  6:45  Command Center  
  63  6:51  Marine  
  64  6:54  Viking  
  64  6:55  SCV  
  64  6:56  Marine  
  68  7:07  SCV  
  69  7:09  Marine  
  69  7:14  Marine  
  70  7:18  Siege Tank  
  70  7:19  SCV  
  61  7:26  Marine  
  62  7:31  SCV  
  60  8:02  SCV  
  61  8:12  Barracks  
  61  8:14  SCV x2, Barracks x2  
  61  8:16  Supply Depot  
  61  8:18  Siege Tank  
  66  8:26  SCV x2  
  68  8:35  Orbital Command  
  68  8:38  SCV x2  
  70  8:49  Supply Depot  
  70  8:50  SCV  
  70  8:51  SCV  
  72  8:57  Fusion Core  
  72  9:02  SCV  
  73  9:03  Armory, SCV x2  
  73  9:04  Armory  
  73  9:06  Refinery  
  75  9:14  SCV  
  75  9:15  SCV x2  
  78  9:26  SCV  
  78  9:27  SCV  
  78  9:40  SCV  
  78  9:42  Refinery  
  79  9:48  Weapon Refit  
  79  9:52  SCV  
  80  9:57  Siege Tank  
  80  9:58  Command Center  
  83  10:04  SCV  
  84  10:10  Starport  
  84  10:12  Starport, SCV  
  85  10:14  Starport  
  85  10:16  Starport, SCV  
  86  10:24  SCV  
  87  10:29  Siege Tank  
  90  10:36  SCV  
  91  10:47  Command Center  
  91  10:48  SCV  
  92  10:50  Starport  
  92  10:51  Starport  
  92  10:59  Supply Depot, Marine x3  
  92  11:00  SCV  
  96  11:04  Starport Tech Lab  
  96  11:05  Starport Tech Lab x2  
  96  11:06  Starport Tech Lab  
  96  11:16  Terran Vehicle And Ship Armor Level 1  
  96  11:17  Marine x3  
  96  11:18  Terran Ship Weapons Level 1  
  99  11:26  Battlecruiser x2  
  111  11:34  Supply Depot  
  111  11:35  Marine  
  112  11:43  Orbital Command  
  112  11:46  Refinery  
  112  11:57  Supply Depot  
  112  12:20  Supply Depot  
  116  12:30  Battlecruiser x4  
  129  12:38  Orbital Command  
  129  12:42  Refinery, Supply Depot  
  127  13:04  Starport Tech Lab  
  127  13:05  Supply Depot, Starport Tech Lab  
  127  13:25  Battlecruiser x3  
  145  13:27  Supply Depot  
  145  13:29  Terran Ship Weapons Level 2  
  145  13:31  Terran Vehicle And Ship Armor Level 2  
  145  13:40  Orbital Command  
  145  13:51  Supply Depot  
  145  14:02  Battlecruiser  
  151  14:08  Battlecruiser  
  151  14:09  SCV  
  158  14:12  Supply Depot  
  158  14:21  SCV  
  159  14:33  Battlecruiser  
  159  14:34  SCV  
  159  14:35  Supply Depot  
  166  14:50  Engineering Bay  
  163  14:58  Supply Depot  
  163  15:09  Battlecruiser  
  169  15:20  Supply Depot  
  169  15:42  Supply Depot  
  169  16:14  Battlecruiser  
  84  22:24  Orbital Command  
  84  25:18  Orbital Command  
  84  26:55  Orbital Command  
Show
View Real Time Build Order
Export as new Build Order

INeeDMoNeY Zerg - Winner!

Build Orders: Hatch First 

Get SALT Encoding   

  12  0:05  Drone  
  13  0:13  Overlord  
  13  0:16  Drone  
  14  0:31  Drone x2  
  16  0:38  Drone  
  17  0:52  Hatchery  
  17  0:56  Drone  
  17  1:02  Drone  
  18  1:10  Extractor  
  17  1:16  Spawning Pool  
  17  1:18  Drone  
  17  1:21  Drone  
  18  1:32  Drone  
  19  1:45  Overlord  
  19  1:53  Drone  
  20  2:03  Queen  
  20  2:04  Zergling x2  
  20  2:06  Zergling x2, Queen  
  26  2:10  Metabolic Boost  
  26  2:14  Zergling x2  
  27  2:41  Hatchery, Drone x2  
  28  2:54  Overlord  
  28  2:55  Baneling Nest  
  27  3:01  Drone  
  27  3:13  Overlord  
  27  3:14  Drone x2  
  27  3:15  Drone x3  
  32  3:25  Zergling x4  
  34  3:29  Overlord  
  34  3:31  Drone  
  35  3:34  Drone  
  35  3:37  Drone  
  37  3:42  Pneumatized Carapace  
  37  3:51  Drone x4  
  41  3:56  Baneling x2  
  41  3:57  Baneling x2  
  41  3:58  Drone  
  42  4:04  Queen  
  42  4:06  Drone  
  42  4:07  Drone  
  46  4:13  Drone x3  
  46  4:16  Drone  
  50  4:21  Lair  
  50  4:23  Drone  
  51  4:24  Drone  
  51  4:27  Zergling x2  
  53  4:34  Drone x4  
  53  4:35  Drone  
  58  4:41  Spore Crawler, Extractor  
  58  4:42  Extractor  
  55  4:55  Overlord x3  
  55  4:57  Spore Crawler  
  54  5:03  Queen  
  54  5:05  Spore Crawler  
  55  5:07  Drone x2  
  55  5:08  Drone  
  55  5:09  Spine Crawler  
  56  5:18  Zergling x4  
  56  5:19  Zergling x8  
  55  5:59  Overlord  
  55  6:00  Drone x4  
  55  6:01  Drone  
  55  6:02  Zergling x12  
  66  6:09  Baneling Nest, Spine Crawler  
  66  6:11  Drone x2  
  66  6:26  Hydralisk Den, Drone x6  
  71  6:36  Extractor  
  70  6:49  Queen  
  70  6:50  Queen  
  74  6:54  Baneling  
  74  6:55  Baneling x8  
  74  6:56  Baneling x2  
  74  7:06  Queen  
  74  7:08  Overlord x3  
  69  7:16  Zergling x2  
  69  7:17  Zergling x28  
  70  7:31  Zergling x2  
  70  7:32  Zergling x6  
  73  7:48  Spawning Pool, Drone x4  
  76  7:52  Baneling x16  
  76  8:01  Queen x3  
  82  8:06  Extractor, Muscular Augments  
  82  8:09  Centrifical Hooks  
  82  8:11  Infestation Pit  
  80  8:13  Drone  
  80  8:14  Drone  
  80  8:16  Drone x2  
  80  8:17  Evolution Chamber  
  83  8:32  Drone x3  
  86  8:36  Drone x3  
  86  8:37  Drone x2  
  91  8:43  Queen  
  93  8:48  Hatchery  
  93  8:54  Extractor  
  91  8:58  Drone  
  91  8:59  Spore Crawler, Drone x7  
  91  9:01  Spine Crawler  
  97  9:17  Baneling x2  
  97  9:18  Hydralisk  
  97  9:19  Hydralisk x3  
  97  9:21  Overlord x3  
  97  9:23  Overlord  
  105  9:34  Overlord x2  
  105  9:41  Drone x3  
  105  9:42  Drone x7  
  115  9:48  Hive  
  115  9:49  Lair  
  115  9:51  Zerg Missile Weapons Level 1  
  115  9:52  Grooved Spines  
  115  9:59  Spine Crawler  
  114  10:02  Evolution Chamber  
  114  10:06  Evolution Chamber  
  112  10:08  Spore Crawler  
  112  10:09  Extractor  
  112  10:11  Queen  
  112  10:12  Spine Crawler  
  112  10:13  Drone x4  
  112  10:14  Drone x2  
  117  10:15  Drone  
  117  10:16  Zergling x2  
  117  10:17  Zergling x4  
  121  10:24  Zergling x2  
  121  10:25  Zergling x12  
  128  10:31  Zerg Ground Armor Level 1  
  128  10:38  Zerg Melee Weapons Level 1  
  128  10:42  Extractor  
  128  10:45  Drone  
  128  10:46  Drone  
  129  10:55  Overlord x4  
  129  10:56  Overlord, Hydralisk x3  
  129  10:57  Hydralisk x4  
  131  10:59  Zergling x4  
  131  11:04  Adrenal Glands  
  145  11:15  Drone x4  
  145  11:17  Zergling x2  
  145  11:18  Zergling x20  
  151  11:34  Drone x3  
  154  11:46  Hatchery  
  153  11:51  Overlord x2  
  153  11:52  Overlord  
  153  11:54  Ultralisk Cavern  
  153  11:57  Spire  
  153  11:58  Zergling x22  
  153  11:59  Zergling x10  
  167  12:04  Zergling x4  
  169  12:20  Zergling x2  
  169  12:21  Zergling x18  
  179  12:23  Baneling x8  
  179  12:24  Baneling x12  
  179  12:30  Zerg Missile Weapons Level 2  
  179  12:32  Zerg Ground Armor Level 2  
  179  12:45  Overseer  
  179  12:53  Chitinous Plating  
  179  12:55  Ultralisk x3  
  188  13:34  Drone x8  
  189  13:38  Hive  
  196  13:42  Spine Crawler  
  196  13:44  Drone x3  
  196  13:46  Spine Crawler  
  196  13:47  Spine Crawler  
  192  13:48  Spine Crawler  
  192  13:54  Overseer  
  189  13:56  Greater Spire  
  189  13:58  Corruptor x5  
  199  14:26  Baneling x14  
  190  15:08  Extractor  
  190  15:09  Extractor  
  188  15:16  Brood Lord  
  188  15:17  Brood Lord x4  
  198  15:21  Overseer  
  198  15:38  Zerg Melee Weapons Level 2  
  198  15:39  Zerg Ground Armor Level 3  
  172  16:27  Spore Crawler x2  
  172  16:28  Spore Crawler, Spine Crawler x2  
  172  16:30  Hatchery, Extractor, Spine Crawler  
  172  16:32  Extractor  
  159  16:40  Hatchery  
  152  16:56  Hatchery  
  115  18:30  Overlord x2  
  115  18:31  Overlord x5  
  107  19:00  Spore Crawler x2  
  107  19:01  Spore Crawler  
  77  19:16  Drone x9  
  77  19:17  Drone x8  
  93  19:37  Hydralisk  
  93  19:38  Hydralisk x11  
  104  20:07  Hatchery  
  99  20:21  Hatchery  
  98  20:24  Hatchery  
  97  20:31  Hatchery  
  96  20:37  Hatchery  
  50  21:04  Spawning Pool  
  31  21:23  Hatchery  
  31  21:25  Hatchery  
  29  21:53  Lair  
  23  22:06  Spawning Pool  
  22  22:11  Drone  
  22  22:12  Drone x8  
  31  22:29  Spawning Pool  
  29  22:44  Lair  
  29  22:54  Spire  
  28  23:02  Drone x14  
  28  23:03  Drone  
  43  23:18  Spire  
  38  23:21  Spire  
  34  23:56  Spore Crawler  
  33  24:06  Spire  
  33  24:08  Overlord  
  33  24:09  Overlord  
  30  24:12  Corruptor  
  30  24:13  Corruptor x3  
  38  24:21  Corruptor x6  
  38  24:23  Spore Crawler x3  
  47  24:29  Corruptor  
  49  24:37  Zergling x2  
  37  25:36  Corruptor  
  37  25:37  Corruptor x4  
  47  25:51  Corruptor  
  43  27:00  Zergling x12  
Tags
 
Composition
MMM Bio
Matchup
TvZ
Spawn Locations
Cross Positions
Add a new tag
Caveats
  • Supply blocks, unpowered buildings, or Contaminate may cause inaccurate times.
  • Supply counts are checked every 10 seconds.